 Dungeon Crawl Stone Soup version 0.28-a0-1339-ga542228 (webtiles) character file.

Game seed: 13713776909303065272

39 Remcycle the Poker (level 3, 0/27 HPs)
             Began as a Merfolk Gladiator on Dec 28, 2021.
             Succumbed to an adder's poison
             ... on level 2 of the Dungeon.
             The game lasted 00:03:12 (1329 turns).

Remcycle the Poker (Merfolk Gladiator)              Turns: 1329, Time: 00:03:13

Health: 0/27       AC: 11    Str: 16    XL:     3   Next: 47%
Magic:  3/3        EV:  5    Int:  7    God:
Gold:   50         SH:  0    Dex: 15    Spells: 2/2 levels left

rFire   . . .      SeeInvis .   a - +0 trident
rCold   . . .      Faith    .   (no shield)
rNeg    + . .      Spirit   .   h - +0 plate armour
rPois   .          Reflect  .   c - +0 helmet
rElec   .          Harm     .   (no cloak)
rCorr   +          Rampage  .   (no gloves)
Will    .....                   (no boots)
Stlth   ..........              (no amulet)
HPRegen 0.09/turn               i - ring of positive energy
MPRegen 0.08/turn               k - ring of resist corrosion

@: lethally poisoned (0 -> -1)
A: (nimble swimmer 2), mertail
a: no special abilities


You were on level 2 of the Dungeon.
You visited 1 branch of the dungeon, and saw 2 of its levels.

You collected 50 gold pieces.

Inventory:

Hand Weapons
 a - a +0 trident (weapon)
Missiles
 d - 3 throwing nets (quivered)
 g - 5 atropa-tipped darts
Armour
 c - a +0 helmet (worn)
 h - a +0 plate armour (worn)
Jewellery
 i - a ring of positive energy (left hand)
 k - a ring of resist corrosion (right hand)
 l - an amulet of magic regeneration
Scrolls
 b - a scroll of teleportation
 j - a scroll of blinking


   Skills:
 - Level 2.1 Fighting
 + Level 6.2 Polearms
 - Level 2.0 Throwing
 + Level 0.5 Armour
 - Level 4.0 Dodging


You had 2 spell levels left.
You didn't know any spells.
Your spell library was empty.

Dungeon Overview and Level Annotations

Branches:
Dungeon (2/15)

Altars:


Innate Abilities, Weirdness & Mutations

((You are very nimble when in or above water. (Stealth+, EV+, Speed+++)))
Your lower body shifts to a powerful aquatic tail in water.


Message History

You are lethally poisoned!
The adder poisons you!
You puncture the adder!
You kill the adder!
You feel sick.
* * * LOW HITPOINT WARNING * * *
You feel sick.
You see here an adder corpse.
You aren't carrying any potions.
As you read the scroll labelled OMEAKHLOFUA, it crumbles to dust.
The air around you briefly surges with heat, but it dissipates.
It was a scroll of immolation.
* * * LOW HITPOINT WARNING * * *
You feel sick.
As you read the scroll labelled SITRYS MIUTHEAGEI, it crumbles to dust.
It is a scroll of identify.
j - a scroll of blinking
* * * LOW HITPOINT WARNING * * *
You feel sick.
As you read the scroll labelled EBUTHR FEUTIER, it crumbles to dust.
You hear a loud clanging noise!
It was a scroll of noise.
* * * LOW HITPOINT WARNING * * *
You feel sick.
As you read the scroll labelled LAFYSI MUMUH, it crumbles to dust.
It is a scroll of amnesia.
You feel forgetful for a moment.
* * * LOW HITPOINT WARNING * * *
You feel sick.
As you read the scroll labelled UCHUCAD PEUSIHU, it crumbles to dust.
You feel strangely unstable.
It was a scroll of teleportation.
* * * LOW HITPOINT WARNING * * *
You feel sick.
There is a lethal amount of poison in your body!
There is a lethal amount of poison in your body!
There is a lethal amount of poison in your body!
* * * LOW HITPOINT WARNING * * *
You feel sick.
Your surroundings suddenly seem different.
You die...

#.# #.... #.# ##.##
#.# #.# ..# #.# ####
######## #.# ...#
#####......# #.# #..#
#...#.####.# #.#
##.#### ###...#.# #.#
#.# ##...#
#.@.....####.###.##
##.##.#
#.........##.##....
#..##.####
#............#.....
.........#
###...###.#####....
##.##.##.# #...#
#..........
##.#...#.#
######.###########.##
#.#...#.# #.(...<...#
#.# #.#...#.#
#.###...#.# ##'##
#.##.##.# #.###...#.#
##...#


There were no monsters in sight!

Vanquished Creatures
  An adder (D:2)
  A bat (D:1)
  4 endoplasms
  4 goblins
  5 hobgoblins
  2 quokkas (D:1)
  7 ball pythons
  A kobold (D:1)
  4 rats
29 creatures vanquished.

Notes
Turn   | Place    | Note
-------+----------+-------------------------------------------
     0 | D:1      | Remcycle the Merfolk Gladiator began the quest for the Orb.
     0 | D:1      | Reached XP level 1. HP: 16/16 MP: 1/1
   138 | D:1      | Reached skill level 5 in Polearms
   160 | D:1      | Reached XP level 2. HP: 19/22 MP: 2/2
   805 | D:2      | Reached skill level 6 in Polearms
   805 | D:2      | Reached XP level 3. HP: 26/27 MP: 3/3
  1328 | D:2      | HP: 1/27 [poisoned by an adder]
  1329 | D:2      | Succumbed to an adder's poison

Illustrated notes

Levels and vault maps discovered:
D:1:      erik_arrival_blinker_ship, layout_basic
D:2:      layout_loops_corners, uniq_crazy_yiuf_cottage

Skill      XL: |  1  2 |
---------------+-------+-----
Polearms       | 5 6 |  6.2
Fighting       | |  2.1
Throwing       | |  2.0
Armour         | |  0.5
Dodging        | |  4.0

Action                   || total
-------------------------++-------
Melee: Trident           ||    82
  Use: Scroll            ||     5
Armor: Leather armour    ||     3
       Plate armour      ||    21
Dodge: Dodged            ||    16

Table legend: (Time is in decaauts)
 A = Elapsed time spent in this place.
 B = Non-inter-level travel time spent in this place.
 C = Inter-level travel time spent in this place.
 D = Time resting spent in this place.
 E = Time spent auto-exploring this place.
 F = Levels seen in this place.
 G = Mean time per level.
                   A        B        C        D        E       F      G
               +--------+--------+--------+--------+--------+-----+--------+
         Total |   1329 |   1308 |     21 |      0 |   1116 |   2 |  664.5 |
       Dungeon |   1329 |   1308 |     21 |      0 |   1116 |   2 |  664.5 |
               +--------+--------+--------+--------+--------+-----+--------+

Top non-repeatable levels by time:
     D:1: 714 daAuts
     D:2: 614 daAuts
